 Dungeon Crawl Stone Soup version 0.24-a0-507-g3e8b242632 (webtiles) character file.

Game seed: 14482087193537620248

1579 Inarius the Caller (level 8, 0/52 HPs)
             Began as a Demonspawn Summoner on July 18, 2019.
             Was a Follower of Hepliaklqana.
             Killed by divine providence
             ... invoked by an orc priest
              (14 damage)
             ... on level 7 of the Dungeon.
             The game lasted 00:15:49 (7091 turns).

Inarius the Caller (Demonspawn Summoner)            Turns: 7091, Time: 00:15:52

Health: 0/52       AC: 14    Str:  9    XL:     8   Next: 60%
Magic:  7/14       EV: 13    Int: 19    God:    Hepliaklqana [*.....]
Gold:   355        SH:  4    Dex: 13    Spells: 9/15 levels left

rFire    . . .     SeeInvis +   a - +0 trident
rCold    . . .     Gourm    .   r - +0 buckler
rNeg     . . .     Faith    .   x - +0 leather armour
rPois    .         Spirit   .   y - +0 helmet
rElec    .         Reflect  .   (no cloak)
rCorr    .         Harm     .   (no gloves)
MR       .....                  e - +0 pair of boots
Stlth    ++........             (no amulet)
HPRegen  0.17/turn              s - +5 ring of protection
MPRegen  0.14/turn              t - ring of see invisible

@: very slightly contaminated
A: reduced essence, claws 1, iridescent scales 2, powered by death 1
a: Recall Ancestor, Ancestor Identity, Renounce Religion


You were on level 7 of the Dungeon.
You worshipped Hepliaklqana.
Hepliaklqana was aware of your devotion.
You were not hungry.

You visited 2 branches of the dungeon, and saw 8 of its levels.
You also visited: Ossuary.

You collected 509 gold pieces.
You spent 154 gold pieces at shops.

Inventory:

Hand Weapons
 a - a +0 trident (weapon)
Armour
 e - a +0 pair of boots (worn)
 r - a +0 buckler (worn)
 x - a +0 leather armour (worn)
 y - a +0 helmet (worn)
Jewellery
 s - a +5 ring of protection (left claw)
 t - a ring of see invisible (right claw)
Wands
 d - a wand of flame (12)
 o - a wand of polymorph (7)
Scrolls
 g - 2 scrolls of enchant weapon {unknown}
 i - a scroll of random uselessness {unknown}
 j - 5 scrolls of teleportation
 k - a scroll of enchant armour {unknown}
 q - 3 scrolls of amnesia {unknown}
 B - a scroll of immolation
 D - a scroll of noise {unknown}
Potions
 b - 2 potions of degeneration {unknown}
 f - 3 potions of lignification
 h - 4 potions of mutation
 l - 2 potions of might {unknown}
 m - 8 potions of curing
 n - 2 potions of flight {unknown}
 u - 2 potions of berserk rage {unknown}
 v - 3 potions of heal wounds
 w - a potion of agility {unknown}
 z - 2 potions of brilliance {unknown}
 A - a potion of resistance {unknown}
Comestibles
 c - 11 rations
 p - 2 chunks of flesh


   Skills:
 - Level 3.1 Fighting
   Level 0.1 Short Blades
 - Level 2.1 Polearms
 - Level 2.0 Armour
 + Level 4.7 Dodging
 - Level 1.7 Stealth
 + Level 2.0 Shields
 + Level 0.3 Unarmed Combat
 + Level 4.4 Spellcasting
 * Level 7.6 Summonings
 + Level 0.2 Evocations


You had 9 spell levels left.
You knew the following spells:

 Your Spells              Type           Power        Failure   Level  Hunger
a - Summon Small Mammal   Summ           ####         1%          1    None
b - Call Imp              Summ           ####....     1%          2    #......
c - Call Canine Familiar  Summ           ####....     3%          3    ###....

Your spell library contained the following spells:

 Spells                   Type           Power        Failure   Level  Hunger
 Summon Guardian Golem    Hex/Summ       ###.....     14%         3    ###....
 Summon Ice Beast         Ice/Summ       ###.....     43%         4    ####...
 Summon Lightning Spire   Summ/Air       ###.....     43%         4    ####...


Dungeon Overview and Level Annotations

Branches:
Dungeon (7/15)             Temple (1/1) D:6

Altars:
Ashenzari
Cheibriados
Dithmenos
Elyvilon
Fedhas
Gozag
Hepliaklqana
Kikubaaqudgha
Makhleb
Qazlal
Ru
Trog
Uskayaw
Vehumet
Wu Jian
Xom

Shops:
D:4 !   D:5 :


Innate Abilities, Weirdness & Mutations

You have sharp fingernails.
You are mostly covered in iridescent scales. (AC +4)
You regenerate a little health from kills.
Your life essence is reduced to manifest your ancestor. (-10% HP)


Message History

The orc wizard barely misses your crimson imp.
The orc priest hits you but does no damage.
Your crimson imp closely misses the orc wizard.
Your white imp gestures at the orc priest.
The puff of frost hits the orc priest!
The orc wizard hits your crimson imp with a +0 dagger.
You hit the orc priest but do no damage.
The orc priest is heavily wounded.
The orc priest invokes the aid of Beogh against you.
Beogh smites you!
The orc priest calls down the wrath of Beogh upon you.
Beogh smites you! The orc misses your crimson imp.
Your crimson imp hits the orc wizard.
Your white imp hits the orc priest but does no damage.
The orc wizard hits your crimson imp with a +0 dagger.
The orc priest hits you with a +0 short sword!
* * * LOW HITPOINT WARNING * * *
The orc priest invokes the aid of Beogh against you.
Beogh smites you!
You die...

##...## ##.....##
..<.... #.#.#.#
#.#.#.##.#
#........# #####
#.#R#.####
#....5#####.#.#...
#oo@R5..#.#####
?...o5#######.#
....o ######.####
.... #.........#
... #.#.......# ..
...........# .
##.#.....#.#
#.........#######
####.....รท.......


You could see the friendly Jabu the ancestor, 2 orc priests, an orc wizard, an
orc, 2 friendly crimson imps and a friendly white imp.

Vanquished Creatures
  3 centaurs
  An elf zombie (Ossuary)
  A scorpion (D:6)
  A howler monkey (D:4)
  A crimson imp (D:5)
  A hound (D:5)
  A centaur zombie (D:6)
  2 human zombies (Ossuary)
  A jelly (D:3)
  An orc priest (D:3)
  3 orc wizards
  A worker ant (D:5)
  A big kobold zombie (Ossuary)
  3 hound zombies
  3 mummies
  A gnoll (D:3)
  5 adders
  An ooze (D:5)
  An adder skeleton (D:4)
  An adder zombie (Ossuary)
  A worm (D:2)
  4 dart slugs
  2 leopard geckos
  11 orcs
  7 bats
  6 giant cockroaches
  A gnoll zombie (Ossuary)
  A hobgoblin (D:1)
  A jackal (D:3)
  5 kobolds
  5 frilled lizards
  4 goblins
  3 goblin zombies (Ossuary)
  4 jackal zombies (Ossuary)
  3 kobold zombies
  2 orc zombies
  A quokka skeleton (D:4)
  A quokka zombie (Ossuary)
  8 rats
  A rat zombie (Ossuary)
104 creatures vanquished.

Vanquished Creatures (collateral kills)
  Eustachio (D:4)
  An orc warrior (D:6)
  An ogre (D:4)
  2 elf zombies (Ossuary)
  A scorpion (D:6)
  2 crimson imps
  3 hounds
  2 orc wizards (D:5)
  Jessica (D:2)
  2 worker ants (D:4)
  A big kobold zombie (Ossuary)
  A hound zombie (Ossuary)
  A mummy (Ossuary)
  2 gnolls (D:3)
  2 adders (D:3)
  2 adder zombies (Ossuary)
  2 worms (D:2)
  A dart slug (D:1)
  2 leopard geckos
  4 orcs
  A giant cockroach (D:4)
  3 hobgoblins
  3 kobolds
  A quokka (D:2)
  2 bats (D:3)
  4 frilled lizards
  2 goblin zombies (Ossuary)
  A hobgoblin zombie (Ossuary)
  A jackal zombie (Ossuary)
  3 quokka zombies (Ossuary)
  2 rats
  4 rat zombies (Ossuary)
61 creatures vanquished.

Vanquished Creatures (others)
  3 ancestors
3 creatures vanquished.

Grand Total: 168 creatures vanquished

Notes
Turn   | Place    | Note
-------+----------+-------------------------------------------
     0 | D:1      | Inarius the Demonspawn Summoner began the quest for the
                  | Orb.
     0 | D:1      | Reached XP level 1. HP: 13/13 MP: 3/3
   283 | D:1      | Gained mutation: You are partially covered in iridescent
                  | scales. (AC +2) [demonic ancestry]
   283 | D:1      | Reached XP level 2. HP: 13/19 MP: 5/5
   408 | D:1      | Learned a level 2 spell: Call Imp
  1396 | D:2      | Noticed Jessica
  1416 | D:2      | Killed Jessica
  1416 | D:2      | Gained mutation: You are mostly covered in iridescent
                  | scales. (AC +4) [demonic ancestry]
  1416 | D:2      | Reached XP level 3. HP: 16/24 MP: 0/6
  1941 | D:2      | Found a faded altar of an unknown god.
  1951 | D:2      | Reached skill level 5 in Summonings
  2023 | D:2      | Found an ancient bone altar of Kikubaaqudgha.
  2103 | D:2      | Reached XP level 4. HP: 31/31 MP: 7/7
  2386 | D:3      | Learned a level 3 spell: Call Canine Familiar
  2409 | D:3      | Reached skill level 1 in Fighting
  2440 | D:3      | Found a shattered altar of Ashenzari.
  2476 | D:3      | Found a hide-covered altar of Uskayaw.
  2680 | D:3      | Gained mutation: You regenerate a little health from kills.
                  | [demonic ancestry]
  2680 | D:3      | Reached XP level 5. HP: 36/37 MP: 5/9
  2916 | D:3      | Reached skill level 1 in Polearms
  3154 | D:4      | Found Vicavooq's Distillery.
  3170 | D:4      | Bought a potion of heal wounds for 70 gold pieces
  3170 | D:4      | Bought 2 potions of curing for 84 gold pieces
  3231 | D:4      | Noticed an ogre
  3264 | D:4      | Killed an ogre
  3264 | D:4      | Reached XP level 6. HP: 43/43 MP: 0/10
  3303 | D:4      | Found a white marble altar of Elyvilon.
  3451 | D:4      | Reached skill level 6 in Summonings
  3667 | D:4      | Found a burning altar of Makhleb.
  3667 | D:4      | Noticed a cacodemon
  3710 | D:4      | Noticed Eustachio
  3723 | D:4      | Killed Eustachio
  3723 | D:4      | Gained mutation: You have sharp fingernails. [demonic
                  | ancestry]
  3723 | D:4      | Reached XP level 7. HP: 49/49 MP: 2/12
  3765 | D:4      | Found a bloodstained altar of Trog.
  3880 | D:4      | Got a steaming chain mail
  3881 | D:4      | Identified the cursed +1 chain mail of Orthodoxy {rElec
                  | Regen+ rCorr} (You found it on level 4 of the Dungeon)
  4309 | D:5      | Entered Level 5 of the Dungeon
  4321 | D:5      | Found a stormy altar of Qazlal.
  4565 | D:5      | Reached skill level 1 in Armour
  4674 | D:5      | Found a snail-covered altar of Cheibriados.
  4874 | D:5      | Reached skill level 1 in Shields
  5212 | D:5      | Found Metad's Book Emporium.
  5373 | D:6      | Found a staircase to the Ecumenical Temple.
  5379 | Temple   | Entered the Ecumenical Temple
  5426 | Temple   | Became a worshipper of Hepliaklqana the Forgotten
  5584 | D:6      | Found a sand-covered staircase.
  5597 | Ossuary  | Entered an ossuary
  5758 | Ossuary  | Reached XP level 8. HP: 48/50 MP: 14/14
  5784 | Ossuary  | Reached skill level 7 in Summonings
  6698 | D:6      | Reached * piety under Hepliaklqana
  7091 | D:7      | Killed from afar by an orc priest

Levels and vault maps discovered:
D:1:      minmay_arrival_nine_rooms, layout_basic, minmay_stone_trees_small
D:2:      layout_basic, kiku_gazebo_pond_becter,
          chequers_ecumenical_altar_simple_redux, first_ration,
          hangedman_decor_growths, uniq_jessica
D:3:      wad_crossroads, layout_rooms, ashenzari_conservatory_becter,
          lemuel_crystal_altar
D:4:      layout_loops_ring, makhleb_altar_promises_db, kennysheep_little_box,
          kennysheep_mini_moat, serial_shops, nicolae_shop_crystal,
          uniq_eustachio
D:5:      layout_basic, grunt_qazlal_sundering, serial_shops, shop,
          kennysheep_slug_shrine
D:6:      layout_loops_corners, temple_statues, nicolae_ossuary_entry_giza
D:7:      layout_loops_corners, lemuel_round_altar, grunt_ogre_cave,
          st_stairs_9, serial_bayou_lagoon_a, kennysheep_windowed_goal
Temple:   jpeg_temple_island

Skill      XL: |  1  2  3  4  5  6  7  8 |
---------------+-------------------------+-----
Dodging        | 2 3 4 |  4.7
Summonings     | 5 6 7 |  7.6
Fighting       | 1 2 3 |  3.1
Polearms       | 1 2 |  2.1
Spellcasting   | 3 4 |  4.4
Armour         | 1 2 |  2.0
Shields        | 1 2 |  2.0
Short Blades   | |  0.1
Stealth        | |  1.7
Unarmed Combat | |  0.3
Evocations     | |  0.2

Action                   |  1- 3 |  4- 6 |  7- 9 || total
-------------------------+-------+-------+-------++-------
Melee: Short sword       |    99 |       |       ||    99
       Unarmed           |     5 |     4 |     1 ||    10
       Trident           |     8 |   234 |   445 ||   687
 Cast: Summon Small Mamm |     7 |       |       ||     7
       Call Imp          |    11 |    25 |    21 ||    57
       Call Canine Famil |       |     1 |     2 ||     3
Evoke: Wand              |       |       |     4 ||     4
  Use: Potion            |     1 |       |       ||     1
       Scroll            |       |       |     9 ||     9
 Stab: Sleeping          |     4 |     1 |     4 ||     9
       Distracted        |       |     1 |     4 ||     5
       Confused          |       |     1 |       ||     1
  Eat: Chunk             |     5 |     7 |     9 ||    21
       Ration            |       |       |     1 ||     1
Armor: Robe              |    42 |    67 |       ||   109
       Leather armour    |       |    31 |   167 ||   198
       Skin              |       |     2 |       ||     2
Dodge: Dodged            |    73 |   159 |   208 ||   440
Block: Buckler           |       |    16 |    52 ||    68

Table legend:
 A = Non-vault XP
 B = Vault XP
 C = Vault XP percentage of total XP
 D = Non-vault monster count
 E = Vault monster count
 F = Vault count percentage of total count
                 A         B        C        D         E       F
            +---------+---------+-------+---------+---------+-------
      Total |    1456 |     801 |  35.5 |     115 |      50 |  30.3
            +---------+---------+-------+---------+---------+-------
        D:1 |      37 |       0 |   0.0 |      23 |       0 |   0.0
        D:2 |      26 |      34 |  56.7 |      15 |       1 |   6.2
        D:3 |     174 |       5 |   2.8 |      29 |       4 |  12.1
        D:4 |     346 |     151 |  30.4 |      24 |       1 |   4.0
        D:5 |     388 |       4 |   1.0 |      11 |       1 |   8.3
        D:6 |     470 |      20 |   4.1 |      11 |       3 |  21.4
        D:7 |      15 |       0 |   0.0 |       2 |       0 |   0.0
    Ossuary |       0 |     587 | 100.0 |       0 |      40 | 100.0
            +---------+---------+-------+---------+---------+-------
